 Dungeon Crawl Stone Soup version 0.22-a0-512-g0943f25 (webtiles) character file.

23501 GameOver the Cruncher (level 13, 0/175 HPs)
             Began as a Naga Wizard on June 18, 2018.
             Was a High Priest of Kikubaaqudgha.
             Slain by a wolf (6 damage)
             ... on level 4 of the Lair of Beasts.
             The game lasted 01:31:06 (11463 turns).

GameOver the Cruncher (Naga Wizard)                Turns: 11463, Time: 01:31:06

Health: 0/175      AC: 19    Str: 15    XL:     13   Next: 7%
Magic:  1/24       EV:  8    Int: 22    God:    Kikubaaqudgha [*****.]
Gold:   330        SH:  0    Dex: 11    Spells: 5/26 levels left

rFire    + . .     SeeInvis +   w - +2 lajatang (elec)
rCold    . . .     Gourm    .   (shield currently unavailable)
rNeg     . . .     Faith    +   L - +2 robe {rF+}
rPois    +         Spirit   .   n - +1 helmet
rElec    .         Reflect  .   O - +0 cloak
rCorr    +         Harm     .   H - +0 pair of gloves
MR       +....                  K - +4 naga barding
Stlth    ..........             z - amulet of faith
HPRegen  1.39/turn              k - ring of wizardry
MPRegen  0.19/turn              A - ring of resist corrosion

@: berserking, very slightly contaminated, regenerating, invisible, quick
A: large, see invisible, deformed body, poison resistance, slowness 2, slow
metabolism 1, spit poison 1, constrict 1, AC +4
a: Spit Poison, Receive Corpses, Torment, Renounce Religion


You were on level 4 of the Lair of Beasts.
You worshipped Kikubaaqudgha.
Kikubaaqudgha was extremely pleased with you.
You were not hungry.

You visited 3 branches of the dungeon, and saw 15 of its levels.
You also visited: Ossuary.

You collected 1072 gold pieces.
You spent 742 gold pieces at shops.

Inventory:

Hand Weapons
 q - a +0 hunting sling
 s - a +1 trident of venom
 w - a +2 lajatang of electrocution (weapon)
 I - a +2 falchion of electrocution
Missiles
 j - 100 sling bullets
Armour
 n - a +1 helmet (worn)
 y - a +0 shield
 H - a +0 pair of gloves (worn)
 K - a +4 naga barding (worn)
 L - a +2 robe of fire resistance (worn)
 O - a +0 cloak (worn)
Magical Staves
 e - an uncursed staff of conjuration
Jewellery
 g - an uncursed ring of ice
 k - a ring of wizardry (left hand)
 r - an uncursed ring of ice
 z - an amulet of faith (around neck)
 A - a ring of resist corrosion (right hand)
 C - an uncursed amulet of regeneration {unknown}
Wands
 a - a wand of enslavement (9)
 h - a wand of polymorph (2)
 u - a wand of iceblast (7)
 F - a wand of disintegration (12)
 J - a wand of flame (5)
Scrolls
 c - 7 scrolls of teleportation
 f - a scroll of vulnerability {unknown}
 l - 2 scrolls of blinking {unknown}
 m - 5 scrolls of remove curse
 t - 3 scrolls of immolation
 B - a scroll of fear
 E - a scroll of fog {unknown}
 G - 2 scrolls of magic mapping
 M - 2 scrolls of enchant weapon {unknown}
Potions
 i - 2 potions of agility
 o - a potion of mutation
 v - a potion of heal wounds
 x - 4 potions of curing
 D - a potion of magic {unknown}
 N - 2 potions of brilliance {unknown}
Miscellaneous
 p - a phantom mirror
Comestibles
 d - 28 rations
 Q - 2 chunks of flesh


   Skills:
 + Level 8.2 Fighting
 - Level 6.1(9.2) Polearms
 * Level 10.6(11.2) Staves
 - Level 1.5 Dodging
 - Level 3.0 Stealth
 + Level 7.3 Spellcasting
 - Level 6.0 Conjurations
 - Level 4.0 Charms
   Level 1.0 Summonings
 - Level 10.4 Necromancy
 - Level 3.0 Translocations
 - Level 4.0 Fire Magic
 - Level 4.0 Poison Magic


You had 5 spell levels left.
You knew the following spells:

 Your Spells              Type           Power        Failure   Level  Hunger
a - Agony                 Necr           ######..     1%          5    #####..
b - Blink                 Tloc           N/A          1%          2    None
c - Dispel Undead         Necr           ######..     1%          5    #####..
d - Mephitic Cloud        Conj/Pois/Air  ###.....     2%          3    None
s - Conjure Flame         Conj/Fire      ####....     1%          3    None
x - Regeneration          Chrm/Necr      #####.....   1%          3    None

Your spell library contained the following spells:

 Spells                   Type           Power        Failure   Level  Hunger
 Magic Dart               Conj           ####         1%          1    None
 Fireball                 Conj/Fire      ####......   12%         5    #####..
 Bolt of Fire             Conj/Fire      ####......   50%         6    ######.
 Slow                     Hex            #.......     4%          2    None
 Ring of Flames           Chrm/Fire      ####......   99%         7    #######
 Animate Dead             Necr           N/A          1%          4    ###....
 Pain                     Necr           ####         1%          1    None
 Animate Skeleton         Necr           N/A          1%          1    None
 Call Imp                 Summ           ##......     3%          2    None
 Sublimation of Blood     Necr           ######....   1%          2    None
 Ignite Poison            Fire/Tmut/Pois ###.....     3%          3    None
 Simulacrum               Ice/Necr       ####......   47%         6    ######.
 Excruciating Wounds      Chrm/Necr      #####.....   4%          5    #####..
 Ignition                 Fire           ####......   100%        8    #######


Dungeon Overview and Level Annotations

Branches:
Dungeon (10/15)            Temple (1/1) D:4            Lair (4/6) D:8
 Shoals (0/4) Lair:4          Orc (0/2) D:9
  Snake: Lair:2-4    Spider: Lair:2-4

Altars:
Ashenzari
Cheibriados
Dithmenos
Elyvilon
Fedhas
Gozag
Hepliaklqana
Kikubaaqudgha
Makhleb
Nemelex Xobeh
Okawaru
Qazlal
Ru
Sif Muna
Trog
Uskayaw
Vehumet
Wu Jian
Xom
Yredelemnul
Zin
The Shining One

Shops:
D:4 (   D:7 (

Annotations:
Lair:3 exclusion: 2 oklob plants
Lair:4 exclusion: oklob plant


Innate Abilities, Weirdness & Mutations

You cannot wear boots.
Your serpentine skin is tough. (AC +4)
You have supernaturally acute eyesight. (SInv)
Armour fits poorly on your strangely shaped body.
Your system is resistant to poisons. (rPois)
You cover ground very slowly.
You have a slow metabolism.
You can spit poison.
You can use your snake-like lower body to constrict enemies.


Message History

The blink frog gives a loud, deep croak!
Your grab misses the wolf.
The wolf is moderately wounded.
The wolf seems less confused.
The wolf bites you!
* * * LOW HITPOINT WARNING * * *
The wolf bites you but does no damage.
You completely miss the wolf. Your grab misses the wolf.
The wolf is moderately wounded.
The wolf bites you but does no damage. The wolf barely misses you.
Unknown command.
A red film seems to cover your vision as you go berserk!
You feel yourself moving faster!
You feel mighty!
The blink frog croaks.
The wolf bites you.
* * * LOW HITPOINT WARNING * * *
The wolf bites you!
* * * LOW HITPOINT WARNING * * *
The wolf bites you.
You die...
Kikubaaqudgha rasps: "You have failed me!
Welcome... death!"

D...... ### ....... ...##
....... #>#..## ....... ##
≈≈≈≈...#..........# ..
#≈≈≈.#..........# ... ##
###)))†.........# ...
##P##.###†.....F....#
....####.......h@h....F....#
.#.P#......................#
...P.....................#
..........#.......†...##
...............#..P##.#
..............##...# ##
......#.........#.##
..................#
...........####..##


You could see 2 blink frogs and 2 wolves.

Vanquished Creatures
  Harold (D:10)
  A hydra (Lair:4)
  2 two-headed ogres
  5 death yaks
  Nergalle (Lair:2)
  2 merfolk sirens (Lair:4)
  A black mamba (Lair:1)
  8 spiny frogs
  A rime drake (Lair:1)
  2 komodo dragons
  2 merfolk (Lair:4)
  A polar bear (Lair:3)
  A troll (D:10)
  A blink frog (Lair:4)
  2 hippogriffs
  A wyvern (Lair:4)
  21 yaks
  2 basilisks
  A hungry ghost (D:9)
  7 porcupines
  9 water moccasins
  Purgy (D:4)
  A black bear (D:8)
  2 phantoms
  5 orc warriors
  3 sky beasts
  2 ice beasts
  A swamp drake (D:9)
  5 ogres
  A necrophage (D:7)
  5 centaurs
  10 wolves
  2 crocodiles
  13 bullfrogs
  4 scorpions
  11 killer bees
  4 howler monkeys (D:10)
  3 crimson imps
  3 bullfrog skeletons
  A centaur zombie (Ossuary)
  A quasit (D:7)
  6 hounds
  4 jellies
  18 orc wizards
  A human zombie (Ossuary)
  4 centaur skeletons
  An orc priest (D:9)
  Jessica (D:3)
  3 iguanas
  4 worker ants
  3 hell rats (Lair:3)
  A killer bee zombie (D:8)
  4 big kobold zombies (Ossuary)
  2 mummies (Ossuary)
  A howler monkey zombie (D:8)
  A hound skeleton (D:9)
  A worker ant zombie (D:10)
  Robin (D:4)
  9 river rats (Lair:3)
  13 adders
  A shadow imp (D:7)
  An ooze (D:6)
  2 adder skeletons
  A worm (D:4)
  2 dart slugs
  4 leopard geckos
  45 orcs
  10 giant cockroaches
  A gnoll zombie (Ossuary)
  13 goblins
  9 hobgoblins
  5 jackals
  15 kobolds
  4 quokkas
  2 ball pythons
  10 bats
  5 frilled lizards
  4 hobgoblin zombies (Ossuary)
  A jackal skeleton (D:7)
  3 orc zombies (Ossuary)
  A quokka skeleton (D:5)
  15 rats
382 creatures vanquished.

Vanquished Creatures (others)
  2 fungi (Lair:3)
  3 plants
5 creatures vanquished.

Grand Total: 387 creatures vanquished

Notes
Turn   | Place    | Note
-------+----------+-------------------------------------------
     0 | D:1      | GameOver the Naga Wizard began the quest for the Orb.
     0 | D:1      | Reached XP level 1. HP: 15/15 MP: 4/4
   216 | D:1      | Reached XP level 2. HP: 19/22 MP: 1/6
   432 | D:1      | Reached XP level 3. HP: 22/28 MP: 1/7
   436 | D:1      | Learned a level 2 spell: Blink
   440 | D:1      | Learned a level 3 spell: Mephitic Cloud
   887 | D:2      | Reached XP level 4. HP: 36/36 MP: 2/8
  1120 | D:2      | Reached XP level 5. HP: 42/42 MP: 4/9
  1309 | D:2      | Reached skill level 1 in Fighting
  1500 | D:3      | Reached skill level 5 in Conjurations
  1832 | D:3      | Reached XP level 6. HP: 18/52 MP: 3/10
  2356 | D:3      | Noticed Jessica
  2362 | D:3      | Killed Jessica
  2362 | D:3      | Reached skill level 1 in Polearms
  2367 | D:3      | Found a deep blue altar of Sif Muna.
  2530 | D:4      | Found a snail-covered altar of Cheibriados.
  2675 | D:4      | Noticed Robin
  2693 | D:4      | Killed Robin
  2810 | D:4      | Found a staircase to the Ecumenical Temple.
  2815 | Temple   | Entered the Ecumenical Temple
  3118 | D:4      | Found Tiepohoss's Weapon Boutique.
  3208 | D:4      | Reached XP level 7. HP: 58/61 MP: 2/11
  3223 | D:4      | Noticed Purgy
  3233 | D:4      | Killed Purgy
  3534 | D:5      | Entered Level 5 of the Dungeon
  3626 | D:5      | Found a sparkling altar of Nemelex Xobeh.
  3629 | D:5      | Found a hazy altar of Hepliaklqana.
  3631 | D:5      | Found a shimmering altar of Xom.
  3657 | D:5      | Found a sand-covered staircase.
  3661 | Ossuary  | Entered an ossuary
  3780 | Ossuary  | Reached XP level 8. HP: 70/73 MP: 9/12
  4022 | D:5      | Found a shadowy altar of Dithmenos.
  4209 | D:6      | Learned a level 3 spell: Conjure Flame
  4241 | D:6      | Reached skill level 5 in Fighting
  4242 | D:6      | Reached skill level 5 in Polearms
  4249 | D:6      | Reached skill level 1 in Fire Magic
  4297 | D:6      | Found a hide-covered altar of Uskayaw.
  4550 | D:6      | Found an ancient bone altar of Kikubaaqudgha.
  4550 | D:6      | Found a blossoming altar of Fedhas.
  4556 | D:6      | Became a worshipper of Kikubaaqudgha
  4692 | D:6      | Reached XP level 9. HP: 70/81 MP: 10/13
  4899 | D:7      | Reached skill level 1 in Poison Magic
  5063 | D:7      | Reached * piety under Kikubaaqudgha
  5063 | D:7      | Identified Kikubaaqudgha's Handbook of Evil (Kikubaaqudgha gifted it to you on level 7 of the Dungeon)
  5063 | D:7      | Received a gift from Kikubaaqudgha
  5069 | D:7      | Learned a level 3 spell: Regeneration
  5238 | D:7      | Reached skill level 1 in Charms
  5238 | D:7      | Reached skill level 1 in Necromancy
  5295 | D:7      | Found Riaq's Weapon Shoppe.
  5299 | D:7      | Found a glowing golden altar of the Shining One.
  5813 | D:8      | Reached XP level 10. HP: 71/91 MP: 12/17
  5857 | D:8      | Reached ** piety under Kikubaaqudgha
  5980 | D:8      | Found a staircase to the Lair.
  6245 | D:9      | Reached skill level 5 in Spellcasting
  6662 | D:9      | Noticed a two-headed ogre
  6676 | D:9      | Killed a two-headed ogre
  6754 | D:9      | Reached skill level 5 in Necromancy
  6864 | D:9      | Reached *** piety under Kikubaaqudgha
  6864 | D:9      | Identified Kikubaaqudgha's Papyrus of Unholy Magic (Kikubaaqudgha gifted it to you on level 9 of the Dungeon)
  6864 | D:9      | Received a gift from Kikubaaqudgha
  6877 | D:9      | Found a staircase to the Orcish Mines.
  7096 | D:9      | Learned a level 5 spell: Agony
  7104 | D:9      | Learned a level 5 spell: Dispel Undead
  7305 | D:7      | Bought a +2 lajatang of electrocution for 742 gold pieces
  7388 | D:10     | Entered Level 10 of the Dungeon
  7670 | D:10     | Reached skill level 1 in Staves
  7673 | D:10     | Noticed a two-headed ogre
  7682 | D:10     | Killed a two-headed ogre
  7682 | D:10     | Reached XP level 11. HP: 97/97 MP: 5/20
  8021 | D:10     | Noticed Harold
  8038 | D:10     | Killed Harold
  8306 | Lair:1   | Entered Level 1 of the Lair of Beasts
  8310 | Lair:1   | Reached **** piety under Kikubaaqudgha
  8310 | Lair:1   | Reached skill level 5 in Staves
  8780 | Lair:1   | Reached XP level 12. HP: 33/106 MP: 5/21
  9344 | Lair:2   | Found a deep blue altar of Sif Muna.
  9375 | Lair:2   | Reached ***** piety under Kikubaaqudgha
  9535 | Lair:2   | Noticed Nergalle
  9546 | Lair:2   | Killed Nergalle
 10067 | Lair:3   | Noticed a death yak
 10094 | Lair:2   | Killed a death yak
 10094 | Lair:2   | Reached skill level 10 in Necromancy
 10122 | Lair:3   | Noticed a death yak
 10123 | Lair:3   | Noticed a death yak
 10125 | Lair:3   | Noticed a death yak
 10127 | Lair:3   | Noticed a death yak
 10139 | Lair:2   | Killed a death yak
 10842 | Lair:3   | Killed a death yak
 10855 | Lair:3   | Killed a death yak
 10859 | Lair:3   | Killed a death yak
 10859 | Lair:3   | Reached skill level 10 in Staves
 11411 | Lair:4   | Found a staircase to the Shoals.
 11434 | Lair:4   | Gained mutation: You can use your snake-like lower body to constrict enemies. [Naga growth]
 11434 | Lair:4   | Reached XP level 13. HP: 92/117 MP: 13/23
 11449 | Lair:4   | HP: 4/117 [seven-headed hydra (11)]
 11463 | Lair:4   | HP: 6/175 [wolf (7)]
 11463 | Lair:4   | Slain by a wolf

Vault maps used:
D:1:      lightli_arrival_maybe_door_vault
D:3:      tgw_sif, serial_bayou, serial_bayou_lake_a, serial_bayou_pond_c,
          serial_bayou_shore_b, serial_bayou_shore_a
D:4:      kennysheep_slug_shrine, minmay_temple_entry_nine_rooms, serial_shops,
          shop, uniq_robin, uniq_purgy
D:5:      grunt_temple_overflow_open, lightli_ossuary_entry_decrepit_ruins,
          first_ration, grunt_dithmenos_smoke
D:6:      grunt_temple_overflow_growth_and_decay, basic_altar
D:7:      wad_river_or_something, overflow_temple_1_default, serial_shops,
          nicolae_shop_crystal
D:8:      lair_entry_dummy
D:9:      erik_orc_1
D:10:     uniq_harold
Temple:   dpeg_chambers_temple
Lair:1:   beast_lair_carwin_10
Lair:2:   basic_altar, uniq_nergalle
Lair:3:   minmay_lair_oklob_tunnel, kennysheep_abandoned_house
Lair:4:   elwin_shoals_entry_stream, spider_nest_entry_funnel_web,
          gammafunk_ghost_grave, dpeg_oklob_1
Ossuary:  minmay_ossuary_gauntlet

Skill      XL: |  1  2  3  4  5  6  7  8  9 10 11 12 |
---------------+-------------------------------------+-----
Conjurations   | 2 3 4 5 6 |  6.0
Fighting       | 2 4 5 6 8 |  8.2
Polearms       | 2 4 6 |  6.1
Translocations | 3 |  3.0
Fire Magic     | 2 4 |  4.0
Poison Magic   | 4 |  4.0
Charms         | 3 4 |  4.0
Necromancy     | 3 8 9 10 | 10.4
Spellcasting   | 4 6 7 |  7.3
Staves         | 3 7 10 | 10.6
Dodging        | |  1.5
Stealth        | |  3.0
Summonings     | |  1.0

Action                   |  1- 3 |  4- 6 |  7- 9 | 10-12 | 13-15 || total
-------------------------+-------+-------+-------+-------+-------++-------
Melee: Short sword       |     4 |    14 |       |       |       ||    18
       Trident           |       |    40 |   322 |   246 |    12 ||   620
       Lajatang          |       |       |       |   334 |     3 ||   337
       Constrict         |       |       |       |       |     4 ||     4
 Cast: Magic Dart        |    44 |   100 |   134 |    32 |       ||   310
       Mephitic Cloud    |       |     2 |     9 |    32 |       ||    43
       Regeneration      |       |       |     2 |    22 |     1 ||    25
       Conjure Flame     |       |       |     2 |     8 |       ||    10
       Blink             |       |       |     1 |    13 |     2 ||    16
       Agony             |       |       |       |    39 |     2 ||    41
       Dispel Undead     |       |       |       |     1 |       ||     1
 Abil: Spit Poison       |    27 |    48 |    41 |   100 |     1 ||   217
Evoke: Wand              |       |       |       |     7 |     1 ||     8
  Use: Potion            |       |     2 |       |     3 |     3 ||     8
       Scroll            |       |       |     9 |    13 |       ||    22
 Stab: Confused          |       |     1 |     2 |    12 |       ||    15
       Sleeping          |       |       |     1 |     4 |       ||     5
  Eat: Chunk             |     1 |     9 |     9 |    44 |     1 ||    64
       Ration            |       |       |     1 |     1 |       ||     2
Armor: Robe              |     2 |     9 |   141 |   245 |     9 ||   406
       Skin              |       |    11 |       |    56 |       ||    67
       Animal skin       |       |     4 |     3 |       |       ||     7
Dodge: Dodged            |    16 |    26 |   101 |   195 |    11 ||   349

Table legend:
 A = Spawn XP
 B = Non-spawn XP
 C = Spawn XP percentage of total XP
 D = Spawn monster count
 E = Non-spawn monster count
 F = Spawn count percentage of total count
 G = Total turns spent on level
                    A         B        C        D         E        F      G
               +---------+---------+-------+---------+---------+-------+---------
         Total |       0 |   33574 |   0.0 |       0 |     382 |   0.0 | 11463
               +---------+---------+-------+---------+---------+-------+---------
           D:1 |       0 |      43 |   0.0 |       0 |      28 |   0.0 |   772
           D:2 |       0 |     183 |   0.0 |       0 |      18 |   0.0 |   567
           D:3 |       0 |     155 |   0.0 |       0 |      31 |   0.0 |  1140
           D:4 |       0 |     429 |   0.0 |       0 |      34 |   0.0 |   843
           D:5 |       0 |     466 |   0.0 |       0 |      10 |   0.0 |   333
           D:6 |       0 |    1011 |   0.0 |       0 |      25 |   0.0 |   691
           D:7 |       0 |    1494 |   0.0 |       0 |      24 |   0.0 |   713
           D:8 |       0 |    4400 |   0.0 |       0 |      40 |   0.0 |   979
           D:9 |       0 |    3746 |   0.0 |       0 |      51 |   0.0 |  1107
          D:10 |       0 |    3277 |   0.0 |       0 |      18 |   0.0 |   882
        Lair:1 |       0 |    5539 |   0.0 |       0 |      27 |   0.0 |   775
        Lair:2 |       0 |    3691 |   0.0 |       0 |      13 |   0.0 |   784
        Lair:3 |       0 |    5357 |   0.0 |       0 |      35 |   0.0 |   863
        Lair:4 |       0 |    3544 |   0.0 |       0 |      12 |   0.0 |   483
       Ossuary |       0 |     239 |   0.0 |       0 |      16 |   0.0 |   319
               +---------+---------+-------+---------+---------+-------+---------
